Map: Zen LE

Players

NeoShine

  • Race: Zerg Zerg
  • League: Diamond
  • Spawn Location: 1:00

ViBE - Winner!

  • Race: Terran Terran
  • League: Master
  • Spawn Location: 7:00

VOD

Have the link to the VOD?

Description

Time

  • Played on: Dec. 26, 2019, 11:23 p.m.
  • Length: 12:24
Show
View Real Time Build Order
Export as new Build Order

NeoShine Zerg 

Build Orders: Hatch First, Lurkers 

Get SALT Encoding   

  12  0:01  Drone  
  13  0:12  Overlord  
  13  0:17  Drone  
  14  0:30  Drone  
  14  0:31  Drone  
  16  0:49  Hatchery  
  15  0:52  Drone  
  15  0:56  Drone  
  17  0:59  Drone  
  18  1:10  Extractor  
  17  1:15  Spawning Pool  
  17  1:18  Drone  
  17  1:22  Drone  
  18  1:30  Drone  
  19  1:40  Drone  
  20  1:49  Overlord  
  20  2:02  Queen x2  
  20  2:04  Zergling x4  
  26  2:11  Drone  
  26  2:12  Drone  
  28  2:16  Metabolic Boost  
  28  2:33  Hatchery  
  27  2:40  Drone x2  
  29  2:48  Drone x2  
  31  2:53  Drone x2  
  31  2:57  Queen  
  35  3:00  Overlord  
  35  3:03  Drone  
  35  3:21  Drone x6  
  35  3:22  Drone x2  
  35  3:25  Overlord  
  43  3:30  Overlord  
  43  3:33  Drone  
  44  3:43  Queen  
  44  3:47  Overlord  
  46  3:49  Queen  
  46  3:54  Drone  
  49  3:55  Baneling Nest  
  49  3:58  Zergling x2  
  49  3:59  Zergling x4  
  51  4:04  Drone x2  
  51  4:05  Drone x2  
  55  4:14  Lair  
  55  4:15  Drone  
  56  4:19  Queen  
  56  4:24  Spore Crawler, Drone  
  57  4:25  Drone  
  57  4:26  Spore Crawler, Drone  
  58  4:33  Drone x3  
  58  4:34  Drone x2  
  63  4:39  Spore Crawler  
  63  4:41  Drone  
  63  4:42  Spore Crawler, Drone  
  63  4:48  Spore Crawler  
  63  4:49  Drone x2  
  64  4:53  Drone x3  
  64  4:57  Queen  
  69  5:00  Overlord  
  69  5:08  Zergling x8  
  69  5:09  Zergling x2  
  74  5:18  Queen  
  74  5:19  Queen  
  74  5:21  Drone x4  
  80  5:25  Extractor  
  80  5:26  Drone  
  80  5:27  Extractor  
  80  5:28  Overlord x2  
  81  5:32  Extractor  
  81  5:34  Extractor  
  79  5:36  Spire, Drone  
  78  5:50  Drone x2  
  78  5:53  Zergling x8, Overlord x2  
  78  5:54  Overlord  
  84  6:02  Drone x5  
  89  6:22  Zergling x4  
  87  6:26  Zergling x8  
  87  6:27  Zergling x10  
  90  6:35  Drone x2  
  91  6:42  Hydralisk Den  
  88  6:48  Corruptor x2, Zerg Flyer Weapons Level 1  
  88  6:49  Corruptor  
  88  6:50  Hatchery  
  93  6:55  Overseer  
  93  6:58  Corruptor  
  93  7:00  Overlord x2  
  93  7:01  Overlord  
  93  7:04  Drone x2  
  93  7:05  Extractor, Drone x2  
  93  7:06  Hatchery, Drone  
  93  7:07  Drone  
  97  7:10  Drone x3  
  97  7:15  Drone x4  
  104  7:19  Drone  
  105  7:24  Drone  
  105  7:25  Grooved Spines  
  105  7:26  Drone  
  105  7:28  Lurker Den  
  106  7:30  Hydralisk  
  108  7:37  Centrifical Hooks  
  108  7:41  Drone x6  
  114  7:47  Drone x2  
  116  7:51  Hydralisk x2  
  116  7:57  Hydralisk x2  
  124  7:59  Hydralisk  
  124  8:02  Extractor  
  124  8:05  Hydralisk x3  
  125  8:07  Hatchery, Hydralisk x2  
  125  8:09  Extractor, Queen  
  125  8:10  Zergling x6  
  125  8:11  Zergling x4  
  140  8:15  Drone  
  141  8:27  Corruptor  
  141  8:28  Corruptor x2  
  141  8:30  Drone x3  
  150  8:44  Overlord  
  150  8:45  Overlord x10  
  150  8:59  Muscular Augments  
  146  9:04  Hydralisk  
  146  9:05  Hydralisk x10  
  146  9:09  Zergling x4  
  159  9:10  Zergling x4  
  159  9:15  Hydralisk x2  
  159  9:16  Zergling x2  
  163  9:19  Corruptor  
  163  9:21  Hydralisk  
  163  9:23  Hydralisk  
  165  9:25  Zergling x2  
  165  9:26  Zergling x2  
  165  9:27  Zergling x4  
  167  9:33  Hydralisk x2  
  167  9:34  Hydralisk  
  167  9:36  Zergling x4  
  167  9:37  Zergling x2  
  174  9:42  Queen  
  176  9:49  Spine Crawler x2  
  176  9:50  Baneling  
  176  9:51  Baneling x12  
  176  9:52  Zergling x2  
  175  9:53  Zergling x10  
  180  10:00  Overlord x2  
  180  10:05  Infestation Pit  
  180  10:06  Zergling x2  
  180  10:14  Lurker x4  
  181  10:17  Zergling x6  
  181  10:18  Drone x8  
  181  10:19  Drone x2  
  197  10:28  Spore Crawler  
  189  10:37  Spore Crawler  
  189  10:38  Spore Crawler  
  189  10:42  Hydralisk  
  180  10:43  Corruptor x4  
  180  10:45  Zergling x2  
  181  11:03  Corruptor x5  
  171  11:05  Hydralisk x2  
  171  11:08  Hydralisk x2  
  171  11:10  Hydralisk  
  160  11:16  Zergling x22  
  160  11:17  Zergling x2  
  129  11:21  Corruptor  
  113  11:29  Corruptor  
  113  11:31  Drone  
Show
View Real Time Build Order
Export as new Build Order

ViBE Terran - Winner!

Build Orders: Reaper Expand 

Get SALT Encoding   

  12  0:00  SCV  
  13  0:13  SCV  
  14  0:17  Supply Depot  
  14  0:25  SCV  
  15  0:39  SCV  
  15  0:41  Barracks  
  16  0:48  Refinery  
  16  0:51  SCV  
  17  1:04  SCV  
  19  1:18  SCV  
  19  1:32  Orbital Command  
  19  1:33  Reaper  
  20  1:45  Command Center  
  20  1:58  SCV  
  21  2:07  Supply Depot  
  21  2:11  SCV  
  21  2:15  Factory  
  22  2:18  Refinery  
  22  2:23  SCV  
  22  2:28  Barracks Reactor  
  23  2:35  SCV  
  24  2:47  SCV  
  25  2:57  Supply Depot  
  26  2:59  SCV, Orbital Command  
  26  3:05  Starport  
  26  3:11  SCV  
  27  3:22  Hellion x2  
  27  3:23  SCV  
  27  3:25  SCV  
  33  3:36  SCV  
  33  3:37  SCV  
  35  3:45  Starport Tech Lab  
  35  3:47  Fusion Core  
  35  3:48  SCV  
  36  3:49  SCV  
  36  3:50  Hellion x2  
  41  4:00  SCV  
  41  4:01  SCV  
  43  4:12  SCV  
  43  4:13  SCV  
  43  4:14  Refinery x2  
  43  4:16  Supply Depot  
  45  4:17  Hellion  
  45  4:18  Hellion  
  49  4:24  SCV  
  49  4:25  SCV  
  51  4:36  SCV  
  51  4:37  SCV  
  51  4:38  Battlecruiser  
  59  4:42  Supply Depot  
  59  4:48  SCV, Supply Depot  
  59  4:49  SCV  
  61  4:58  Command Center  
  61  5:07  Weapon Refit  
  61  5:12  Factory  
  61  5:14  Factory  
  61  5:17  SCV x2  
  61  5:21  Supply Depot  
  63  5:25  Hellion x2  
  67  5:34  SCV x2  
  69  5:51  Battlecruiser  
  69  5:52  Hellion x2  
  79  6:00  SCV x2  
  81  6:04  Factory Tech Lab x2  
  81  6:09  Supply Depot  
  81  6:11  Supply Depot  
  81  6:12  Supply Depot  
  74  6:33  Cyclone x2, Hellion x2  
  74  6:37  SCV  
  74  6:38  SCV  
  82  6:57  Hellion  
  82  6:58  Hellion, Battlecruiser  
  92  7:05  Cyclone x2, Mag-Field Accelerator  
  92  7:06  Infernal Pre-Igniter  
  92  7:07  SCV x2  
  100  7:10  Engineering Bay  
  100  7:12  Factory  
  100  7:15  Orbital Command  
  100  7:19  SCV x2  
  102  7:22  Factory  
  102  7:31  SCV x2  
  102  7:35  Refinery  
  102  7:36  Hellion x2  
  108  7:37  Refinery  
  108  7:43  SCV  
  108  7:44  SCV  
  110  7:46  Missile Turret  
  110  7:47  Missile Turret  
  110  7:48  Missile Turret  
  110  7:53  Cyclone  
  110  7:55  SCV  
  114  8:02  Cyclone, Hellion  
  114  8:03  Hellion  
  114  8:04  Factory Reactor  
  121  8:05  Factory Tech Lab  
  121  8:10  Armory  
  121  8:11  SCV x2, Armory  
  121  8:12  SCV  
  124  8:27  Command Center  
  124  8:29  SCV  
  125  8:40  Supply Depot x2  
  125  8:41  Supply Depot  
  125  8:43  Supply Depot  
  125  8:58  SCV x2  
  125  8:59  Cyclone x2, Hellion x4  
  125  9:02  Cyclone  
  144  9:05  Battlecruiser  
  144  9:07  Terran Ship Weapons Level 1, Terran Vehicle And Ship Armor Level 1  
  148  9:26  Hellion x3  
  148  9:31  Cyclone x2  
  160  9:34  Cyclone  
  160  9:37  SCV x3  
  166  9:41  Command Center  
  166  10:04  Hellion x3  
  166  10:05  Hellion  
  174  10:08  Refinery  
  174  10:12  Missile Turret x2, Refinery  
  174  10:14  Starport x2  
  174  10:15  Starport, Planetary Fortress  
  174  10:16  SCV x3  
  174  10:17  Starport  
  177  10:28  SCV  
  155  10:44  Cyclone x3  
  155  10:45  Hellion x4  
  155  10:46  Battlecruiser  
  165  11:18  Cyclone x3  
  161  11:19  Hellion x4  
  169  11:58  Factory Reactor  
  169  12:02  Starport Tech Lab  
  169  12:13  Factory Reactor  
  169  12:21  Factory Reactor  
Tags
 
Add a new tag
Caveats
  • Supply blocks, unpowered buildings, or Contaminate may cause inaccurate times.
  • Supply counts are checked every 10 seconds.